 Dungeon Crawl Stone Soup version 0.31.0-9-g3a7656b989 (webtiles) character file.

Game seed: 18122168697692331333

916 qw the Skirmisher (level 7, 0/40 HPs)
             Began as a Deep Elf Hunter on Feb 2, 2024.
             Was a Believer of Okawaru.
             Shot with an arrow by a centaur (4 damage)
             ... on level 5 of the Dungeon.
             The game lasted 00:00:14 (3053 turns).

qw the Skirmisher (Deep Elf Hunter)                 Turns: 3053, Time: 00:00:15

Health: 0/40       AC:  6    Str: 10    XL:     7   Next: 83%
Magic:  12/12      EV: 11    Int: 14    God:    Okawaru [**....]
Gold:   138        SH:  0    Dex: 18    Spells: 6/6 levels left

rFire   . . .        a - +0 shortbow
rCold   . . .        (shield currently unavailable)
rNeg    . . .        l - +1 ring mail
rPois   .            (no helmet)
rElec   .            (no cloak)
rCorr   .            (no gloves)
SInv    +            (no boots)
Will    +....        d - amulet of faith
Stlth   +            c - ring of see invisible
HPRegen 0.26/turn    m - ring of willpower
MPRegen 0.13/turn

%: faith
@: about to teleport
A: no striking features
a: Renounce Religion, Heroism


You were on level 5 of the Dungeon.
You worshipped Okawaru.
Okawaru was pleased with you.
You visited 1 branch of the dungeon, and saw 5 of its levels.

You collected 138 gold pieces.


   Skills:
 - Level 2.1 Fighting
 + Level 11.3 Ranged Weapons
 - Level 3.1 Dodging
 - Level 1.2 Stealth
 - Level 4.0 Invocations


You had 6 spell levels left.
You didn't know any spells.
Your spell library was empty.

Inventory:

Hand Weapons
 a - a +0 shortbow (weapon)
Armour
 l - a +1 ring mail (worn)
Jewellery
 c - a ring of see invisible (left hand)
 d - an amulet of faith (around neck)
 h - an amulet of regeneration
 m - a ring of willpower (right hand)
 Y - a ring of resist corrosion
Potions
 i - a potion of curing {unknown}

Dungeon Overview and Level Annotations

Branches:
Dungeon (5/15)
 Temple: D:4-7

Altars:
Makhleb
Okawaru
The Shining One

Shops:
D:4 [

Annotations:
D:3 1 runed translucent door, qw's ghost, weakling DEHu


Message History

Done exploring.
What level of the Dungeon? (default 4, ? - help)
You see here a ribbon worm corpse.
You see here a river rat corpse.
You see here a quokka corpse.
You see here a giant cockroach corpse.
There is a stone staircase leading down here.
You climb downwards.
Found a book of the Warp.
There is a stone staircase leading up here.
Waypoint 4 assigned to D:5.
A jackal comes into view.
Found a scroll of identify.
You see here a book of the Warp.
You shoot an arrow. The arrow hits the jackal.
The jackal barks!
The jackal is moderately wounded.
A centaur comes into view.
You shoot an arrow. The centaur shouts!
The arrow hits the jackal!
You kill the jackal!
Okawaru accepts your kill.
The centaur wields a +0 orcbow.
The centaur shoots an arrow.
The arrow hits you!
A jackal comes into view.
You hear a bark!
You shoot an arrow. The arrow hits the centaur!
The centaur is heavily wounded.
You hear a bark!
The centaur shoots an arrow.
The arrow hits you!
The centaur shoots an arrow.
The arrow hits you!
You shoot an arrow. The arrow hits the jackal.
You kill the jackal!
Okawaru accepts your kill.
The centaur shoots an arrow.
The arrow hits you!
3053 ||| READING scroll of teleportation.
As you read the scroll of teleportation, it crumbles to dust.
You feel strangely unstable.
The centaur shoots an arrow.
The arrow hits you.
You die...

#....
#.#.#
#.#.#
#.#.#
#.#.#
#<..#
##.###
#..###
#.@..#
#....#
#....#
#....#
#....#
#....#
#....#
#.?.c#


You could see a centaur.

Vanquished Creatures
  Grinder (D:3)
  Eustachio (D:4)
  A phantom (D:4)
  A scorpion (D:4)
  2 jellies (D:4)
  A hound (D:4)
  Natasha (thrice) (D:3)
  2 iguanas (D:4)
  10 gnolls
  3 adders
  A river rat (D:4)
  2 dart slugs
  3 ribbon worms
  3 orcs
  9 bats
  3 endoplasms (D:1)
  6 giant cockroaches
  5 goblins
  3 hobgoblins
  11 jackals
  5 quokkas
  4 ball pythons
  2 frilled lizards (D:1)
  8 kobolds
  4 rats
94 creatures vanquished.

Notes
Turn   | Place    | Note
-------+----------+-------------------------------------------
     0 | D:1      | qw the Deep Elf Hunter began the quest for the Orb.
     0 | D:1      | Reached XP level 1. HP: 12/12 MP: 3/3
     0 | D:1      | 0 ||| qw: Version: 0.3-a-155-g5e7d8dd
     0 | D:1      | 0 ||| qw: Game counter: 1785
     0 | D:1      | 0 ||| qw: Melee chars always use a shield: true
     0 | D:1      | 0 ||| qw: God list: Okawaru
     0 | D:1      | 0 ||| qw: Allow faded altars: false
     0 | D:1      | 0 ||| qw: Do Orc after clearing Dungeon:15 true
     0 | D:1      | 0 ||| qw: Do second Lair branch before Depths: true
     0 | D:1      | 0 ||| qw: Lair rune preference: random
     0 | D:1      | 0 ||| qw: Goals: Normal
     0 | D:1      | 0 ||| PLANNING D:1-11
   106 | D:1      | Reached XP level 2. HP: 16/16 MP: 4/4
   113 | D:1      | Reached skill level 6 in Ranged Weapons
   546 | D:1      | Reached XP level 3. HP: 20/20 MP: 5/5
   700 | D:1      | 700 ||| UPGRADING to amulet of regeneration.
   705 | D:1      | 705 ||| UPGRADING to ring of willpower.
   706 | D:1      | 706 ||| READING scroll labelled VIURIY MOESTRIQ.
   706 | D:1      | 706 ||| ENCHANTING +0 shortbow.
   707 | D:1      | 707 ||| READING scroll labelled COGOQEOHIQ.
   712 | D:1      | 712 ||| DROPPING scroll of butterflies.
   756 | D:2      | Found a faded altar of an unknown god.
   767 | D:2      | Found an iron altar of Okawaru.
   768 | D:2      | 768 ||| PLANNING OKAWARU WORSHIP
   775 | D:2      | Became a worshipper of Warmaster Okawaru
   776 | D:2      | 776 ||| PLANNING D:1-11
   798 | D:2      | Reached skill level 7 in Ranged Weapons
   813 | D:2      | Reached XP level 4. HP: 19/25 MP: 6/6
  1498 | D:2      | 1498 ||| READING scroll labelled VEIHIU ORCHOAZ.
  1499 | D:2      | 1499 ||| READING scroll labelled ARPHUM NOXOO.
  1500 | D:2      | 1500 ||| READING scroll labelled PURUNU KIQO.
  1500 | D:2      | 1500 ||| IDENTIFYING metallic sapphire potion
  1501 | D:2      | 1501 ||| READING scroll labelled DIACUISEYG.
  1502 | D:2      | 1502 ||| DRINKING 2 ruby potions.
  1503 | D:2      | 1503 ||| DROPPING potion of degeneration.
  1504 | D:2      | 1504 ||| DROPPING potion of brilliance.
  1573 | D:3      | Reached skill level 8 in Ranged Weapons
  1597 | D:3      | Found a runed translucent door.
  1603 | D:3      | Noticed qw's ghost (weakling DEHu)
  1613 | D:3      | Noticed Grinder
  1617 | D:3      | Noticed Natasha
  1624 | D:3      | Killed Grinder
  1624 | D:3      | Reached * piety under Okawaru
  1625 | D:3      | Reached skill level 9 in Ranged Weapons
  1625 | D:3      | Reached XP level 5. HP: 22/29 MP: 7/7
  1625 | D:3      | Reached XP level 6. HP: 25/34 MP: 8/8
  1632 | D:3      | Killed Natasha
  1707 | D:3      | Noticed Natasha
  1714 | D:3      | Killed Natasha
  1715 | D:3      | Reached skill level 1 in Invocations
  1954 | D:3      | Noticed Natasha
  1957 | D:3      | Killed Natasha
  1958 | D:3      | Reached skill level 3 in Dodging
  1991 | D:3      | 1991 ||| UPGRADING to +0 ring mail.
  2001 | D:3      | 2001 ||| DROPPING +0 leather armour.
  2002 | D:3      | 2002 ||| DROPPING ring of magical power.
  2003 | D:3      | 2003 ||| UPGRADING to ring of resist corrosion.
  2004 | D:3      | 2004 ||| READING scroll of identify.
  2004 | D:3      | 2004 ||| IDENTIFYING black potion
  2005 | D:3      | 2005 ||| READING 3 scrolls labelled GUVOEM CEBYFF.
  2006 | D:3      | 2006 ||| READING scroll labelled YXEKONG TIROPSUQ.
  2007 | D:3      | 2007 ||| READING 3 scrolls labelled YHUDGHA YXIME.
  2008 | D:3      | 2008 ||| DROPPING potion of attraction.
  2009 | D:3      | 2009 ||| DROPPING 2 scrolls of amnesia.
  2010 | D:3      | 2010 ||| DROPPING 2 scrolls of poison.
  2012 | D:3      | 2012 ||| Stepping ~*~*~tactically~*~*~ (cloud).
  2058 | D:4      | 2058 ||| PLANNING SEWER
  2229 | D:4      | Reached XP level 7. HP: 37/40 MP: 9/11
  2259 | D:4      | Found a glowing golden altar of the Shining One.
  2384 | D:4      | Found Tafro's Antique Armour Emporium.
  2415 | D:4      | Reached ** piety under Okawaru
  2416 | D:4      | Reached skill level 10 in Ranged Weapons
  2416 | D:4      | Reached skill level 3 in Invocations
  2418 | D:4      | Found a burning altar of Makhleb.
  2721 | D:4      | Noticed Eustachio
  2722 | D:4      | 2722 ||| INVOKING Heroism.
  2752 | D:4      | 2752 ||| INVOKING Heroism.
  2760 | D:4      | Killed Eustachio
  2761 | D:4      | Reached skill level 11 in Ranged Weapons
  2775 | D:4      | 2775 ||| READING scroll of enchant armour.
  2775 | D:4      | 2775 ||| ENCHANTING +0 ring mail.
  2834 | D:4      | 2834 ||| RIP SEWER
  2864 | D:4      | 2864 ||| PLANNING D:1-11
  2966 | D:4      | 2966 ||| UPGRADING to amulet of faith.
  2976 | D:4      | 2976 ||| UPGRADING to ring of see invisible.
  2978 | D:4      | 2978 ||| UPGRADING to ring of willpower.
  2980 | D:4      | 2980 ||| READING scroll labelled URHAIR VABB.
  2981 | D:4      | 2981 ||| DRINKING 2 orange potions.
  3014 | D:4      | 3014 ||| DROPPING potion of lignification.
  3042 | D:5      | Entered Level 5 of the Dungeon
  3052 | D:5      | HP: 4/40 [centaur/arrow (12)]
  3053 | D:5      | 3053 ||| READING scroll of teleportation.
  3053 | D:5      | Shot with an arrow by a centaur

Levels and vault maps discovered:
D:1:      dpeg_arrival_water_temple_mockup, layout_loops_ring,
          dreamdust_princess_corridor, hangedman_decor_clover_reticule
D:2:      layout_basic, hellmonk_ecumenical_altar_run_dry, basic_altar
D:3:      layout_rooms, ebering_ghost_reflecting_pool,
          chequers_serial_rivers_micro_e, uniq_grinder, uniq_natasha
D:4:      layout_loops_ring, makhleb_heckhound_becter,
          nicolae_tso_swordbearing_angel, gup_sewer_entry_bubbles, serial_shops,
          shop, uniq_eustachio
D:5:      cheibrodos_fzero, layout_basic, minmay_temple_entry_junction,
          serial_corexii_hall, chequers_hall_statues_wall_a,
          chequers_hall_statues_wall_a, corexii_hall_statues_u,
          corexii_hall_statues_u

Skill      XL: |  1  2  3  4  5  6  7 |
---------------+----------------------+-----
Ranged Weapons | 6 7 9 11 | 11.3
Invocations    | 2 4 |  4.0
Dodging        | 3 |  3.1
Fighting       | 2 |  2.1
Stealth        | |  1.2

Action                     |  1- 3 |  4- 6 |  7- 9 || total
---------------------------+-------+-------+-------++-------
   Fire: Shortbow          |    84 |   126 |   146 ||   356
 Invoke: Heroism           |       |       |     2 ||     2
    Use: Scroll            |     2 |     8 |     3 ||    13
         Potion            |       |     1 |     1 ||     2
 Armour: Leather armour    |    30 |    19 |       ||    49
         Ring mail         |       |    12 |    39 ||    51
  Dodge: Dodged            |    42 |    28 |    26 ||    96

Table legend:
 A = Non-vault XP
 B = Vault XP
 C = Vault XP percentage of total XP
 D = Non-vault monster count
 E = Vault monster count
 F = Vault count percentage of total count
                 A         B        C        D         E       F
            +---------+---------+-------+---------+---------+-------
      Total |     715 |     594 |  45.4 |      83 |      11 |  11.7
            +---------+---------+-------+---------+---------+-------
        D:1 |      49 |       0 |   0.0 |      29 |       0 |   0.0
        D:2 |      86 |       0 |   0.0 |      14 |       0 |   0.0
        D:3 |      98 |     307 |  75.8 |       9 |       2 |  18.2
        D:4 |     478 |     287 |  37.5 |      29 |       9 |  23.7
        D:5 |       4 |       0 |   0.0 |       2 |       0 |   0.0
            +---------+---------+-------+---------+---------+-------
